 Dungeon Crawl Stone Soup version 0.27-a0-920-gb2bd10914a (webtiles) character file.

Game seed: 5698166425081998979

72 lauthentik the Insei (level 4, -6/35 HPs)
             Began as a Draconian Transmuter on Apr 9, 2021.
             Mangled by a gnoll
             ... wielding a +0 flail
              (8 damage)
             ... on level 4 of the Dungeon.
             The game lasted 00:04:49 (2683 turns).

lauthentik the Insei (Draconian Transmuter)         Turns: 2683, Time: 00:04:50

Health: -6/35      AC:  5    Str: 12    XL:     4   Next: 6%
Magic:  3/7        EV: 12    Int: 14    God:
Gold:   181        SH:  0    Dex: 12    Spells: 4/7 levels left

rFire    . . .     SeeInvis .     - Unarmed
rCold    . . .     Faith    .   (no shield)
rNeg     . . .     Spirit   .   (armour unavailable)
rPois    .         Reflect  .   (helmet currently unavailable)
rElec    .         Harm     .   (no cloak)
rCorr    .         Rampage  .   (no gloves)
Will     .....                  (boots currently unavailable)
Stlth    +.........             (no amulet)
HPRegen  0.11/turn              (no ring)
MPRegen  0.10/turn              (no ring)

@: appendages (expiring), wereblooded
A: horns 2, talons 2, AC +5, unfitting armour, cold-blooded
a: End Transformation


You were on level 4 of the Dungeon.
You had temporarily grown beastly horns and talons.
You visited 1 branch of the dungeon, and saw 4 of its levels.

You collected 181 gold pieces.

Inventory:

Hand Weapons
 g - a +0 hunting sling of freezing
Missiles
 h - 112 stones
 i - 45 sling bullets
Armour
 d - a +0 pair of boots (melded)
Wands
 p - a wand of flame (20)
Scrolls
 b - a scroll of brand weapon {unknown}
 e - 2 scrolls of identify {unknown}
 j - a scroll of fog {unknown}
 k - a scroll of immolation {unknown}
 l - a scroll of noise {unknown}
 m - 2 scrolls of enchant armour {unknown}
 n - 2 scrolls of teleportation {unknown}
Potions
 a - 4 potions of curing {unknown}
 c - 2 potions of lignification {unknown}
 f - a potion of degeneration {unknown}
 o - a potion of brilliance {unknown}


   Skills:
 + Level 1.2 Fighting
 + Level 0.2 Slings
 + Level 2.5 Dodging
 + Level 0.1 Stealth
 + Level 3.7 Unarmed Combat
 + Level 2.4 Spellcasting
 + Level 2.5 Transmutations


You had 4 spell levels left.
You knew the following spells:

 Your Spells              Type           Power      Damage    Failure   Level
a - Beastly Appendage     Tmut           16%        N/A       9%          1
b - Wereblood             Tmut           8%         N/A       12%         2

Your spell library contained the following spells:

 Spells                   Type           Power      Damage    Failure   Level
 Animate Skeleton         Necr           2%         N/A       22%         1
 Apportation              Tloc           2%         N/A       22%         1
 Corona                   Hex            1%         N/A       22%         1
 Summon Small Mammal      Summ           4%         N/A       22%         1
 Spider Form              Tmut/Pois      2%         N/A       38%         3
 Ice Form                 Ice/Tmut       5%         N/A       80%         4
 Hydra Form               Tmut           4%         N/A       92%         5


Dungeon Overview and Level Annotations

Branches:
Dungeon (4/15)
 Temple: D:4-7

Altars:


Innate Abilities, Weirdness & Mutations

You have temporarily grown beastly horns and talons.
Your plain brown scales are hard. (AC +5)
You cannot fit into any form of body armour.
You are cold-blooded and may be slowed by cold attacks.


Message History

Confirm with . or Enter, or press ? or * to list all spells.
Your blood is infused with primal strength.
You can't go up here!
You climb downwards.
You hear the sound of rushing water.
There is an entrance to a sewer on this level.
Hurry and find it before the portal rusts away!
The gnoll hits you with a +0 flail.
There is a stone staircase leading up here.
You hit the gnoll. You claw the gnoll!
The gnoll is severely wounded.
The gnoll hits you with a +0 whip. The gnoll barely misses you.
You are too injured to fight recklessly!
You are too injured to fight recklessly!
You hit the gnoll but do no damage. You claw the gnoll.
The gnoll is almost dead.
The gnoll barely misses you. The gnoll misses you.
You hit the gnoll.
You kill the gnoll!
Your transformation is almost over.
The gnoll closely misses you.
You have reached level 4!
You feel agile.
You hit the gnoll. Your kick misses the gnoll. You tail-slap the gnoll.
The gnoll is heavily wounded.
The gnoll hits you with a +0 flail!
* * * LOW HITPOINT WARNING * * *
You hit the gnoll but do no damage.
The gnoll is heavily wounded.
You howl as the wereblood boils in your veins!
The gnoll closely misses you.
You closely miss the gnoll.
The gnoll is heavily wounded.
The gnoll hits you with a +0 flail!
* * * LOW HITPOINT WARNING * * *
You hit the gnoll but do no damage. You headbutt the gnoll.
You tail-slap the gnoll.
The gnoll is almost dead.
You howl as the wereblood boils in your veins!
The gnoll hits you with a +0 flail!
You die...

# .## .. ... ... #.#
.... ####.####
#.(#####........ #
#.....).....# .#
#...@g.....# ###.###
######.#.#.##!......
#.###........... #.
#.#g##.......
..#.##..........
####. #.##....... #
#.# ....... #..
..?.... ... ....###


You could see a gnoll.

Vanquished Creatures
  2 gnolls
  A worm (D:2)
  5 endoplasms
  2 giant cockroaches
  7 goblins
  4 hobgoblins
  7 jackals
  A quokka (D:1)
  6 ball pythons
  3 bats
  A frilled lizard (D:3)
  2 kobolds (D:1)
  4 rats
45 creatures vanquished.

Notes
Turn   | Place    | Note
-------+----------+-------------------------------------------
     0 | D:1      | lauthentik the Draconian Transmuter began the quest for the
                  | Orb.
     0 | D:1      | Reached XP level 1. HP: 16/16 MP: 3/3
   159 | D:1      | Reached XP level 2. HP: 23/23 MP: 3/5
   282 | D:1      | Learned a level 2 spell: Wereblood
  1200 | D:2      | Reached XP level 3. HP: 28/28 MP: 4/6
  1455 | D:2      | Found a faded altar of an unknown god.
  2680 | D:4      | Reached XP level 4. HP: 17/35 MP: 3/7
  2683 | D:4      | Mangled by a gnoll

Illustrated notes

Levels and vault maps discovered:
D:1:      wander_arrival_fairy_ring, layout_basic, minmay_pentomino_q4
D:2:      layout_rooms, hellmonk_ecumenical_altar_lost_god
D:3:      layout_basic
D:4:      layout_loops_ring, lemuel_round_altar, cheibrodos_sewer_entry_drain,
          minmay_misc_feat_more_columns

Skill      XL: |  1  2 |
---------------+-------+-----
Dodging        | 2 |  2.5
Fighting       | |  1.2
Slings         | |  0.2
Stealth        | |  0.1
Unarmed Combat | |  3.7
Spellcasting   | |  2.4
Transmutations | |  2.5

Action                   |  1- 3 |  4- 6 || total
-------------------------+-------+-------++-------
Melee: Unarmed           |    95 |     4 ||    99
       Kick              |    15 |       ||    15
       Headbutt          |     9 |     1 ||    10
       Tailslap          |     8 |     2 ||    10
       Punch             |     1 |       ||     1
 Fire: Hunting sling     |     8 |       ||     8
 Cast: Beastly Appendage |    20 |       ||    20
       Wereblood         |     3 |       ||     3
Armor: Skin              |    24 |       ||    24
Dodge: Dodged            |    65 |     1 ||    66

Table legend: (Time is in decaauts)
 A = Elapsed time spent in this place.
 B = Non-inter-level travel time spent in this place.
 C = Inter-level travel time spent in this place.
 D = Time resting spent in this place.
 E = Time spent auto-exploring this place.
 F = Levels seen in this place.
 G = Mean time per level.
                   A        B        C        D        E       F      G
               +--------+--------+--------+--------+--------+-----+--------+
         Total |   2680 |   2545 |    135 |      0 |   2271 |   4 |  670.0 |
       Dungeon |   2680 |   2545 |    135 |      0 |   2271 |   4 |  670.0 |
               +--------+--------+--------+--------+--------+-----+--------+

Top non-repeatable levels by time:
     D:1: 1392 daAuts
     D:2: 746 daAuts
     D:3: 514 daAuts
     D:4: 26 daAuts
